 Dungeon Crawl Stone Soup version 0.22-a0-422-g9628fc8 (webtiles) character file.

25 Circumstance the Skirmisher (level 2, 0/24 HPs)
             Began as a Demonspawn Chaos Knight on May 15, 2018.
             Succumbed to an adder's poison
             ... on level 1 of the Dungeon on May 16, 2018.
             The game lasted 00:04:03 (778 turns).

Circumstance the Skirmisher (DsCK)                   Turns: 778, Time: 00:04:03

Health: 0/24       AC:  5    Str: 12    XL:     2   Next: 82%
Magic:  2/2        EV: 16    Int: 13    God:    Xom [*.....]
Gold:   84         SH:  0    Dex: 17    Spells: 1/1 levels left

rFire    . . .     SeeInvis .   a - +0 mace (chaos)
rCold    . . .     Gourm    .   (no shield)
rNeg     . . .     Faith    .   b - +2 leather armour
rPois    .         Spirit   .   (no helmet)
rElec    .         Reflect  .   (no cloak)
rCorr    .         Harm     .   (no gloves)
MR       .....                  (no boots)
Stlth    +++.......             (no amulet)
HPRegen  0.08/turn              (no ring)
MPRegen  0.08/turn              (no ring)

@: agile, lethally poisoned (0 -> -3)
A: hooves 1
a: Renounce Religion


You were on level 1 of the Dungeon.
You worshipped Xom.
You were a special plaything of Xom.
You were not hungry.

You visited 1 branch of the dungeon, and saw 2 of its levels.

You collected 84 gold pieces.

Inventory:

Hand Weapons
 a - a +0 mace of chaos (weapon)
Armour
 b - a +2 leather armour (worn)
Jewellery
 e - an uncursed ring of stealth {unknown}
Scrolls
 d - a scroll of amnesia {unknown}
 g - a scroll of blinking {unknown}
 i - a scroll of identify {unknown}
 j - a scroll of magic mapping {unknown}
Comestibles
 c - a ration
 f - 3 chunks of flesh


   Skills:
 - Level 3.1 Fighting
 - Level 2.7 Maces & Flails
 - Level 2.0 Armour
 - Level 1.0 Dodging
 * Level 2.0 Stealth


You had one spell level left.
You didn't know any spells.
Your spell library was empty.

Dungeon Overview and Level Annotations

Branches:
Dungeon (2/15)

Altars:


Innate Abilities, Weirdness & Mutations

You have large cloven feet.


Message History

You feel sick.
There is a stone staircase leading down, spattered with blood here.
You see here an adder corpse.
* * * LOW HITPOINT WARNING * * *
You feel sick.
You see here a jackal corpse.
You butcher the jackal corpse.
Things that are here:
3 chunks of flesh; a jackal skeleton
f - 3 chunks of flesh
There is a lethal amount of poison in your body!
There is a lethal amount of poison in your body!
There is a lethal amount of poison in your body!
* * * LOW HITPOINT WARNING * * *
You feel sick.
Unknown command.
* * * LOW HITPOINT WARNING * * *
You feel sick.
You die...
Xom howls with laughter!

###### ###########
##....############.........#
................@>..)......#
##....#........###.........#
#....#.#####..# #.........#
#....#.##.....# #.........#
##....#.##.###.###.........#
......'...............#.####
##....#.#..#.#.######.#..#
#....#.#..#.#.######.##.#
#....#.#..#.#.....##..#.#


There were no monsters in sight!

Vanquished Creatures
  An adder (D:1)
  4 goblins (D:1)
  2 jackals (D:1)
  2 bats (D:1)
  2 frilled lizards (D:1)
  4 kobolds (D:1)
  4 rats (D:1)
19 creatures vanquished.

Notes
Turn   | Place    | Note
-------+----------+-------------------------------------------
     0 | D:1      | Circumstance the Demonspawn Chaos Knight began the quest for the Orb.
     0 | D:1      | Reached XP level 1. HP: 18/18 MP: 1/1
    94 | D:1      | Upgraded the game from 0.22-a0-417-g1387785 to 0.22-a0-422-g9628fc8
   189 | D:1      | Reached skill level 1 in Dodging
   216 | D:1      | XOM: confuse monster(s)
   219 | D:1      | Gained mutation: You have large cloven feet. [demonic ancestry]
   219 | D:1      | Reached XP level 2. HP: 20/24 MP: 2/2
   236 | D:1      | XOM: silly message
   365 | D:1      | Reached skill level 1 in Stealth
   605 | D:1      | XOM: medium Chrm miscast
   689 | D:1      | XOM: harmless Fire miscast
   728 | D:1      | XOM: harmless Ice miscast
   771 | D:1      | HP: 1/24 [poisoned by an adder]
   778 | D:1      | Succumbed to an adder's poison

Vault maps used:
D:1:      dpeg_arrival_radiant
D:2:      skrybe_limestone_x

Skill      XL: |  1  2 |
---------------+-------+-----
Armour         | 2 |  2.0
Dodging        | 1 |  1.0
Stealth        | 2 |  2.0
Fighting       | |  3.1
Maces & Flails | |  2.7

Action                   || total
-------------------------++-------
Melee: Mace              ||    48
       Kick              ||     1
  Use: Potion            ||     1
Armor: Leather armour    ||    24
Dodge: Dodged            ||    43

Table legend:
 A = Spawn XP
 B = Non-spawn XP
 C = Spawn XP percentage of total XP
 D = Spawn monster count
 E = Non-spawn monster count
 F = Spawn count percentage of total count
 G = Total turns spent on level
                    A         B        C        D         E        F      G
               +---------+---------+-------+---------+---------+-------+---------
         Total |       0 |      36 |   0.0 |       0 |      19 |   0.0 |   778
               +---------+---------+-------+---------+---------+-------+---------
           D:1 |       0 |      36 |   0.0 |       0 |      19 |   0.0 |   772
               +---------+---------+-------+---------+---------+-------+---------
